[Event "*** Titled Tuesday Blitz"]
[Site "Chess.com"]
[Date "2020.12.29"]
[Round "4"]
[White "exoticprincess"]
[Black "bazar-wokzal"]
[Result "1-0"]
[WhiteElo "2888"]
[BlackElo "2552"]
[TimeControl "180+1"]
[EndTime "10:35:44 PST"]
[Termination "exoticprincess won by resignation"]

1. d4 Nf6 2. Nc3 d5 3. Bf4 g6 4. Qd2 c6 5. Nf3 Nbd7 6. h4 b5 7. a3 a5 8. e3 Ba6 9. Ne5 Qb6 10. Be2 b4 11. axb4 axb4 12. Na4 Bxe2 13. Nxb6 Rxa1+ 14. Kxe2 Rxh1 15. Nbxd7 Nxd7 16. Nxd7 Kxd7 17. Qxb4 f6 18.
Qb7+ Ke6 19. Qxc6+ Kf7 20. Qxd5+ e6 21. Qd7+ Be7 22. d5 exd5 23. Qxd5+ Kg7 24. Qe6 Re8 25.
Bd6 1-0

[Event "*** Titled Tuesday Blitz"]
[Site "Chess.com"]
[Date "2020.12.29"]
[Round "4"]
[White "mat_kolosowski"]
[Black "aa175"]
[Result "1-0"]
[WhiteElo "2698"]
[BlackElo "2372"]
[TimeControl "180+1"]
[EndTime "10:35:51 PST"]
[Termination "mat_kolosowski won by resignation"]

1. e4 c5 2. Nc3 d6 3. f4 Nf6 4.
Nf3 g6 5. Bc4 Bg7 6. O-O Nc6 7.
d3 O-O 8. Qe1 Ne8 9. f5 e6 10.
Bg5 f6 11. fxe6 Qe7 12. Nd5 fxg5 13. Nxe7+ Nxe7 14. Nxg5 Bd4+ 15. Kh1 Bxb2 16. Rf7 h6 17. Nh7 Bxa1 18. Qxa1 1-0

[Event "*** Titled Tuesday Blitz"]
[Site "Chess.com"]
[Date "2020.12.29"]
[Round "4"]
[White "K_A_S_T_O_R"]
[Black "ClydeHillKid"]
[Result "1-0"]
[WhiteElo "2807"]
[BlackElo "2377"]
[TimeControl "180+1"]
[EndTime "10:35:53 PST"]
[Termination "K_A_S_T_O_R won by resignation"]

1. e4 e6 2. d4 d5 3. Nc3 Nf6 4.
e5 Nfd7 5. Nce2 c5 6. f4 Nc6 7. c3 f6 8. Nf3 cxd4 9. cxd4 fxe5 10. fxe5 Be7 11. Nf4 Nf8 12. h4 Ng6 13. Nxg6 hxg6 14. Bd3 Bxh4+ 15. Ke2 Rf8 16. Nxh4 Nxd4+ 17. Ke1 Nf5 18.
Nxg6 Rg8 19. Bxf5 exf5 20. Qh5 Be6 21. Nf4+ Bf7 22. Qxf5 Qe7 23. e6 O-O-O 24. Qxf7 Qb4+ 25. Bd2 Qe4+ 26. Kd1 Kb8 27. Rc1 Rgf8 28. e7 1-0

[Event "*** Titled Tuesday Blitz"]
[Site "Chess.com"]
[Date "2020.12.29"]
[Round "4"]
[White "DrMamaliga"]
[Black "Isajevsky_Anton"]
[Result "0-1"]
[WhiteElo "2354"]
[BlackElo "2579"]
[TimeControl "180+1"]
[EndTime "10:35:54 PST"]
[Termination "Isajevsky_Anton won by resignation"]

1. c4 c5 2. Nc3 g6 3. Nf3 Bg7 4. e3 Nf6 5. d4 cxd4 6. exd4 d5 7. cxd5 Nxd5 8. Qb3 Nxc3 9. bxc3 O-O 10. Be2 Nc6 11. O-O b6 12. Rd1 Bb7 13. Bb2 Rc8 14. c4 Na5 15. Qb4 Bxf3 16. gxf3 Qd7 17. d5 Bxb2 18. Qxb2 Nxc4 19. Bxc4 Rxc4 20. d6 exd6 21. Qf6 d5 22. Re1 Qh3 23. Re7 Rh4 24. Qe5 Rh5 25. Qg3 Qf5 26. Rae1 Rg5 0-1

[Event "*** Titled Tuesday Blitz"]
[Site "Chess.com"]
[Date "2020.12.29"]
[Round "4"]
[White "sopo-tereladze"]
[Black "KyrgyzFighter"]
[Result "0-1"]
[WhiteElo "2279"]
[BlackElo "2385"]
[TimeControl "180+1"]
[EndTime "10:35:58 PST"]
[Termination "KyrgyzFighter won by resignation"]

1. e4 e6 2. d4 d5 3. Nd2 Nc6 4.
Ngf3 Nf6 5. Bd3 Nb4 6. O-O Nxd3 7. cxd3 Be7 8. e5 Nd7 9. h3 O-O 10. Nh2 b6 11. f4 c5 12. dxc5 bxc5 13. Ng4 Ba6 14.
Qf3 Qc7 15. b3 Rad8 16. Bb2 c4 17. bxc4 Qb6+ 18. Kh2 Qxb2 19. Rad1 dxc4 20. Ne4 cxd3 21. Qg3 Kh8 22. f5 exf5 23. Rxf5 Bb7 24. Ng5 Bxg5 25. Rxg5 Nc5 26. Nf6 Qxg2+ 27. Qxg2 Bxg2 28. Rg1 gxf6 29. exf6 d2 0-1

[Event "*** Titled Tuesday Blitz"]
[Site "Chess.com"]
[Date "2020.12.29"]
[Round "4"]
[White "SantoBlue"]
[Black "mbachez"]
[Result "1-0"]
[WhiteElo "2860"]
[BlackElo "2541"]
[TimeControl "180+1"]
[EndTime "10:36:07 PST"]
[Termination "SantoBlue won by resignation"]

1. e4 e6 2. d4 d5 3. Nd2 h6 4. Ngf3 Nf6 5. Bd3 c5 6. exd5 exd5 7. O-O c4 8. Re1+ Be7 9. Bf1 O-O 10. b3 cxb3 11. axb3 Bf5 12. Ne5 Nc6 13. Nxc6 bxc6 14.
Ba3 Re8 15. Bxe7 Rxe7 16. Rxe7 Qxe7 17. Nf3 Bg4 18. h3 Bxf3 19. Qxf3 Re8 20. Qc3 Ne4 21.
Qxc6 Nxf2 22. Bb5 Nxh3+ 23. Kh2 Rd8 24. gxh3 Qe3 25. Bf1 Qf4+ 26. Kh1 Rd6 27. Qe8+ Kh7 28. Qe5 1-0

[Event "*** Titled Tuesday Blitz"]
[Site "Chess.com"]
[Date "2020.12.29"]
[Round "4"]
[White "Geller_Jakov"]
[Black "Europe03"]
[Result "1-0"]
[WhiteElo "2606"]
[BlackElo "2324"]
[TimeControl "180+1"]
[EndTime "10:36:12 PST"]
[Termination "Geller_Jakov won by resignation"]

1. e4 e5 2. Nf3 Nc6 3. Bc4 Bc5 4.
d3 d6 5. O-O h6 6. c3 Nf6 7. a4 a5 8. Re1 O-O 9. h3 Bb6 10. Nbd2 Be6 11. Bxe6 fxe6 12. Nf1 Qe8 13. Be3 Bxe3 14. Rxe3 g5 15. N1h2 b6 16. d4 Qg6 17.
dxe5 dxe5 18. Qb3 Rae8 19. Qc4 g4 20. hxg4 Nxg4 21. Nxg4 Qxg4 22. Qxc6 Re7 23. Nxe5 Qf4 24. Rg3+ Kh7 1-0

[Event "*** Titled Tuesday Blitz"]
[Site "Chess.com"]
[Date "2020.12.29"]
[Round "4"]
[White "The_filthy"]
[Black "GameOverBro"]
[Result "1-0"]
[WhiteElo "2305"]
[BlackElo "2457"]
[TimeControl "180+1"]
[EndTime "10:36:12 PST"]
[Termination "The_filthy won by resignation"]

1. e4 Nf6 2. e5 Nd5 3. Nc3 Nb6 4. Nf3 d5 5. d4 Bg4 6. h3 Bxf3 7. Qxf3 e6 8. Be3 Be7 9. O-O-O a6 10. g4 c5 11.
dxc5 N6d7 12. Kb1 Nc6 13. Qg2 Ncxe5 14. f4 Nc6 15. f5 Bxc5 16. Bxc5 Nxc5 17. fxe6 fxe6 18.
g5 O-O 19. h4 d4 20. Ne4 Nxe4 21. Qxe4 Qd6 22. Bd3 g6 23. h5 Rf4 24. Qe2 Ne5 25. hxg6 hxg6 26. Qh2 Nxd3 27. Qh8+ 1-0

[Event "*** Titled Tuesday Blitz"]
[Site "Chess.com"]
[Date "2020.12.29"]
[Round "4"]
[White "jefferyx"]
[Black "frederiksvane"]
[Result "1-0"]
[WhiteElo "2923"]
[BlackElo "2743"]
[TimeControl "180+1"]
[EndTime "10:36:22 PST"]
[Termination "jefferyx won by resignation"]

1. e4 c5 2. Nf3 g6 3. c3 d5 4.
e5 Nc6 5. d4 cxd4 6. cxd4 Bg4 7. Nbd2 Nh6 8. h3 Bxf3 9. Nxf3 Bg7 10. Bd3 O-O 11. O-O e6 12. Bg5 Qb6 13. Qd2 Nf5 14.
Bxf5 exf5 15. Rac1 Rac8 16. Rc3 Rc7 17. Bf6 Rfc8 18. Rfc1 Bxf6 19. exf6 Nd8 20. Qh6 Ne6 21. Ng5 Qd6 22. Qxh7+ 1-0

[Event "*** Titled Tuesday Blitz"]
[Site "Chess.com"]
[Date "2020.12.29"]
[Round "4"]
[White "Ural_bogatyr"]
[Black "krzyzan94"]
[Result "0-1"]
[WhiteElo "2462"]
[BlackElo "2645"]
[TimeControl "180+1"]
[EndTime "10:36:27 PST"]
[Termination "krzyzan94 won by resignation"]

1. e4 e5 2. Nf3 Nc6 3. Bb5 a6 4. Bxc6 dxc6 5. O-O Bg4 6. h3 h5 7. d3 Qf6 8. Nbd2 g5 9. Nc4 Bxf3 10. Qxf3 Qxf3 11. gxf3 f6 12. Rd1 c5 13. Kf1 Ne7 14. Ke2 Ng6 15. Be3 O-O-O 16. c3 Bd6 17. a4 Kd7 18. a5 Ke6 19. Na3 Rdg8 20. Nc2 Nh4 21. d4 cxd4 22. cxd4 g4 23. hxg4 hxg4 24. fxg4 Rxg4 25. f3 Rg2+ 26. Bf2 Ng6 27. Rg1 Nf4+ 28. Ke3 Rxf2 29. Kxf2 Rh2+ 30. Kg3 Rxc2 31. d5+ Kf7 32. Kg4 Bc5 33. Rg3 Rh2 34. Rc1 Kg6 35. Rxc5 Nd3 36. f4 Nxc5 37. Kf3+ Kf7 38. fxe5 fxe5 39. Rg5 Nd7 40.
b4 Rb2 41. Rh5 Rb3+ 42. Kf2 Nf6 43. Rh8 Nxe4+ 44. Ke2 Nc3+ 45. Kd3 Nxd5+ 46. Kc4 Rxb4+ 47. Kxd5 Rb5+ 48. Ke4 Rxa5 49. Rh7+ Ke6 50. Rh6+ Kd7 51. Rh7+ Kc6 52. Rh6+ Kc5 53. Kxe5 Ra1 54. Rh7 Re1+ 55. Kf4 Kb6 0-1

[Event "*** Titled Tuesday Blitz"]
[Site "Chess.com"]
[Date "2020.12.29"]
[Round "4"]
[White "Flopezin"]
[Black "Sacbutt"]
[Result "1-0"]
[WhiteElo "2355"]
[BlackElo "2208"]
[TimeControl "180+1"]
[EndTime "10:36:29 PST"]
[Termination "Flopezin won by resignation"]

1. c4 Nf6 2. Nc3 e6 3. e4 d5 4. cxd5 exd5 5. e5 Ne4 6. Nf3 Nxc3 7. dxc3 Bc5 8. Be2 O-O 9. O-O Bg4 10. h3 Bh5 11.
Bg5 Qe8 12. Re1 h6 13. Bh4 c6 14. Nd4 Bxe2 15. Rxe2 Bxd4 16. Qxd4 Qe6 17. g4 h5 18. Rae1 hxg4 19. hxg4 Nd7 20. Bg3 c5 21. Qd3 Rad8 22. Qf5 Nb6 23. f4 d4 24. cxd4 cxd4 25. b3 d3 26. Rd2 Rd5 27. Red1 Qxf5 28. gxf5 Rfd8 29. Bh4 f6 30. exf6 Rxf5 31. f7+ 1-0

[Event "*** Titled Tuesday Blitz"]
[Site "Chess.com"]
[Date "2020.12.29"]
[Round "4"]
[White "natelleka"]
[Black "drragnar1"]
[Result "0-1"]
[WhiteElo "2212"]
[BlackElo "2423"]
[TimeControl "180+1"]
[EndTime "10:36:41 PST"]
[Termination "drragnar1 won by resignation"]

1. e4 c5 2. Nf3 Nc6 3. d4 cxd4 4. Nxd4 g6 5. Nc3 Bg7 6. Nb3 d6 7. Be2 Nf6 8. O-O O-O 9. Bg5 Be6 10. Re1 Rc8 11. Bf1 Na5 12. Nxa5 Qxa5 13. Qd2 Rxc3 14. bxc3 Nxe4 15. Rxe4 Bxc3 16. Qd1 Qxg5 17. Rb1 b6 18. Rb5 Qf6 19. Bc4 Bf5 20. Rf4 Be5 21. Rf3 Qh4 22. Rxe5 dxe5 23. Bf1 Bg4 0-1

[Event "*** Titled Tuesday Blitz"]
[Site "Chess.com"]
[Date "2020.12.29"]
[Round "4"]
[White "AdarshIsMe"]
[Black "Storne89"]
[Result "0-1"]
[WhiteElo "2202"]
[BlackElo "2593"]
[TimeControl "180+1"]
[EndTime "10:36:42 PST"]
[Termination "Storne89 won by resignation"]

1. e4 c5 2. Ne2 Nc6 3. Nbc3 g6 4. d4 cxd4 5. Nxd4 Bg7 6. Be3 Nf6 7. Bc4 O-O 8. Bb3 Re8 9. O-O d6 10. h3 Na5 11. f4 Nxb3 12. axb3 b6 13. Qe2 Bb7 14. Bf2 e5 15. fxe5 dxe5 16. Ndb5 Nh5 17. Rad1 Nf4 18. Qc4 Qg5 19. g3 Rac8 20. Qb4 Bf8 21. Qa4 Nxh3+ 22. Kg2 Nf4+ 23. Kf3 Qh5+ 24. g4 Qh3+ 25. Bg3 Qg2+ 0-1

[Event "*** Titled Tuesday Blitz"]
[Site "Chess.com"]
[Date "2020.12.29"]
[Round "4"]
[White "Mazetovic"]
[Black "HeadShotRomanTest"]
[Result "1-0"]
[WhiteElo "2812"]
[BlackElo "2187"]
[TimeControl "180+1"]
[EndTime "10:36:42 PST"]
[Termination "Mazetovic won by resignation"]

1. e4 c5 2. Nc3 Nc6 3. Nf3 d6 4. Bb5 g6 5. Bxc6+ bxc6 6. h3 Bg7 7. O-O e6 8. e5 d5 9. d3 Ne7 10. b3 Qa5 11. Na4 Ba6 12. Ba3 c4 13. dxc4 Bxc4 14. Re1 Ba6 15. Nd4 Rc8 16. Bc5 Bb5 17. Bxe7 Kxe7 18.
Nc5 Qb6 19. b4 a5 20. c3 axb4 21. cxb4 Ra8 22. a4 Bc4 23. Qd2 h6 24. a5 Qc7 25.
Ra3 Bxe5 26. Rae3 Bf4 27. Ndxe6 1-0

[Event "*** Titled Tuesday Blitz"]
[Site "Chess.com"]
[Date "2020.12.29"]
[Round "4"]
[White "FlySooHigh"]
[Black "Alexander_Moskalenko"]
[Result "0-1"]
[WhiteElo "2653"]
[BlackElo "2843"]
[TimeControl "180+1"]
[EndTime "10:36:43 PST"]
[Termination "Alexander_Moskalenko won by resignation"]

1. e4 c6 2. c4 d5 3. cxd5 cxd5 4. exd5 Nf6 5. Qa4+ Bd7 6. Qb3 e6 7. Qxb7 exd5 8. Qxa8 Bc5 9. d4 Bb6 10. a4 O-O 11.
Bb5 Qe7+ 12. Ne2 Nc6 13. Qb7 Na5 14. Qxd7 Nxd7 15. O-O Nf6 16. Ra3 Nc4 17. Rf3 Qxe2 18. Nc3 Qe6 19. Bxc4 dxc4 20. Be3 Nd5 0-1

[Event "*** Titled Tuesday Blitz"]
[Site "Chess.com"]
[Date "2020.12.29"]
[Round "4"]
[White "NiranjanNavalgund"]
[Black "NaciSAN"]
[Result "1-0"]
[WhiteElo "2486"]
[BlackElo "2165"]
[TimeControl "180+1"]
[EndTime "10:36:43 PST"]
[Termination "NiranjanNavalgund won by resignation"]

1. e4 e5 2. Nf3 Nc6 3. Nc3 Nf6 4. d4 d6 5. Bc4 Be7 6. dxe5 Nxe5 7. Nxe5 dxe5 8. Qxd8+ Bxd8 9. Bg5 c6 10. O-O-O Be7 11.
f4 Ng4 12. Rd2 Bxg5 13. fxg5 Ke7 14. Bb3 h6 15. Rf1 Be6 16. Bxe6 fxe6 17. g6 Nf6 18. h4 Rad8 19. Rdf2 Rhf8 20. g4 Kd6 21. g5 hxg5 22. hxg5 Nd7 23. Rf7 Rxf7 24. gxf7 Rg8 25. fxg8=Q 1-0

[Event "*** Titled Tuesday Blitz"]
[Site "Chess.com"]
[Date "2020.12.29"]
[Round "4"]
[White "JoliyRoger"]
[Black "Michaelson_11"]
[Result "1-0"]
[WhiteElo "2422"]
[BlackElo "2206"]
[TimeControl "180+1"]
[EndTime "10:36:43 PST"]
[Termination "JoliyRoger won by resignation"]

1. Nf3 Nf6 2. c4 c5 3. Nc3 Nc6 4. e3 g6 5. Be2 Bg7 6. O-O O-O 7. a3 e5 8. d3 d6 9. Rb1 Be6 10. Qc2 d5 11. cxd5 Nxd5 12. Ne4 b6 13. b4 Rc8 14. bxc5 Nce7 15. Bb2 bxc5 16. Bxe5 f6 17. Ba1 Qc7 18.
Rfc1 f5 19. Nxc5 Bxa1 20. Rxa1 Bf7 21. Ng5 Qc6 22. Nxf7 Kxf7 23. d4 f4 24. e4 Nf6 25.
Qa2+ Ke8 26. d5 Qc7 27. Bb5+ 1-0

[Event "*** Titled Tuesday Blitz"]
[Site "Chess.com"]
[Date "2020.12.29"]
[Round "4"]
[White "JoAttack"]
[Black "CakeinSpace2002"]
[Result "0-1"]
[WhiteElo "2202"]
[BlackElo "2395"]
[TimeControl "180+1"]
[EndTime "10:36:43 PST"]
[Termination "CakeinSpace2002 won by resignation"]

1. d4 Nf6 2. c4 g6 3. Nc3 Bg7 4. e4 d6 5. Nf3 O-O 6. Be2 c5 7. O-O cxd4 8. Nxd4 Nc6 9. Be3 Bd7 10. Kh1 Nxd4 11. Bxd4 Bc6 12. f3 a5 13. Nd5 Bxd5 14.
cxd5 Nd7 15. Bxg7 Kxg7 16. Rc1 Qb6 17. b3 Rfc8 18. Qd2 a4 19. Qb2+ Kg8 20. b4 a3 21.
Qb3 Nf6 22. Bd3 Qe3 23. Rce1 Qd2 24. Re2 Qc3 25. Qb1 Nd7 26. f4 Qd4 27. Bb5 Nf6 28. Rd1 Qb6 29. Bd3 Rc3 30. h3 Rac8 31. Bc2 Re3 32.
Rde1 Rxe2 33. Rxe2 Nh5 34. Kh2 Nxf4 35. Rd2 Qe3 36.
Qd1 Rc3 37. Bb1 Qg3+ 38. Kh1 Re3 0-1

[Event "*** Titled Tuesday Blitz"]
[Site "Chess.com"]
[Date "2020.12.29"]
[Round "4"]
[White "stasiek18"]
[Black "Vuk2000"]
[Result "0-1"]
[WhiteElo "2379"]
[BlackElo "2809"]
[TimeControl "180+1"]
[EndTime "10:36:46 PST"]
[Termination "Vuk2000 won on time"]

1. e4 c5 2. Nc3 Nc6 3. Nge2 g6 4. g3 Bg7 5. Bg2 e6 6. O-O Nge7 7. d3 d5 8. exd5 exd5 9. Nf4 d4 10. Ne4 b6 11.
Re1 O-O 12. h4 Bb7 13. Bd2 Qc7 14. a3 h6 15. b4 cxb4 16. axb4 Nf5 17. Nd5 Qd8 18.
h5 Ne5 19. Nef6+ Kh8 20. Rxe5 Bxf6 21. Nxf6 Bxg2 22. Kxg2 Qxf6 23. Qe2 Ne3+ 24. Rxe3 dxe3 25. Qxe3 Qxa1 26. c3 g5 0-1

[Event "*** Titled Tuesday Blitz"]
[Site "Chess.com"]
[Date "2020.12.29"]
[Round "4"]
[White "anon481216"]
[Black "A-S-00"]
[Result "0-1"]
[WhiteElo "2422"]
[BlackElo "2278"]
[TimeControl "180+1"]
[EndTime "10:36:47 PST"]
[Termination "A-S-00 won by resignation"]

1. d4 Nf6 2. c4 g6 3. Nc3 Bg7 4. e4 d6 5. Be2 O-O 6. Bg5 Nbd7 7. f4 h6 8. Bh4 c5 9. d5 b5 10. cxb5 a6 11. bxa6 Bxa6 12. Nf3 Qb6 13. Qc2 Rfb8 14. Rb1 Bxe2 15. Qxe2 Nh5 16. O-O Nxf4 17.
Qd2 g5 18. Bg3 Bxc3 19. bxc3 Qxb1 20. Rxb1 Rxb1+ 21. Be1 Rab8 22. Qc2 R8b2 23. Qa4 Ne5 0-1

[Event "*** Titled Tuesday Blitz"]
[Site "Chess.com"]
[Date "2020.12.29"]
[Round "4"]
[White "CHENNAIBOND"]
[Black "Nafania1"]
[Result "0-1"]
[WhiteElo "1580"]
[BlackElo "2381"]
[TimeControl "180+1"]
[EndTime "10:36:51 PST"]
[Termination "Nafania1 won by resignation"]

1. e4 e6 2. d4 d5 3. Nc3 h6 4.
Nf3 Nf6 5. exd5 exd5 6. Bd3 Be7 7. O-O O-O 8. h3 c5 9. Bf4 c4 10. Be2 Bf5 11. Re1 Nc6 12. Ne5 Bb4 13. Bf3 Bxc3 14. bxc3 Rc8 15. Qc1 Ne4 16. Bxe4 Bxe4 17. f3 Bf5 18. g4 Bh7 19. Bg3 f6 20. Nxc6 Rxc6 21. f4 Be4 22. f5 Re8 23. Rb1 Rb6 24. Qa3 Bxc2 25. Rxe8+ Qxe8 26. Re1 Be4 27. Qxa7 Rb2 28. a4 Rg2+ 29. Kf1 Rxg3 0-1

[Event "*** Titled Tuesday Blitz"]
[Site "Chess.com"]
[Date "2020.12.29"]
[Round "4"]
[White "ErikRonka"]
[Black "Astaneh"]
[Result "0-1"]
[WhiteElo "2380"]
[BlackElo "2612"]
[TimeControl "180+1"]
[EndTime "10:36:53 PST"]
[Termination "Astaneh won by resignation"]

1. e4 c6 2. d3 d5 3. Nd2 e5 4.
Ngf3 Bd6 5. d4 exd4 6. exd5 Nf6 7. dxc6 Nxc6 8. Be2 O-O 9. O-O Re8 10. Nb3 Bg4 11. Bg5 h6 12. Bh4 Rc8 13. Bg3 Bxg3 14. hxg3 Qb6 15.
a3 Rcd8 16. Qd3 Bh5 17. Qb5 Bg6 18. Qxb6 axb6 19. Bd3 Bxd3 20. cxd3 Re2 21. Nbd2 Ng4 22. Rae1 Rde8 23. Ne4 Rxb2 24. Rb1 Rxb1 25. Rxb1 Nge5 26. Rxb6 Nxd3 27. Rxb7 Rxe4 28. Rc7 Nce5 29. Rc8+ Kh7 30. Nd2 Re1+ 31. Kh2 Nxf2 0-1

[Event "*** Titled Tuesday Blitz"]
[Site "Chess.com"]
[Date "2020.12.29"]
[Round "4"]
[White "Lady_Nika"]
[Black "chescomhuynya"]
[Result "1-0"]
[WhiteElo "2318"]
[BlackElo "2586"]
[TimeControl "180+1"]
[EndTime "10:36:53 PST"]
[Termination "Lady_Nika won by resignation"]

1. d4 Nf6 2. e3 g6 3. f4 Bg7 4. Nf3 O-O 5. c3 d5 6. Bd3 c5 7.
O-O Nc6 8. Nbd2 Qc7 9. Ne5 Rb8 10. Qe2 c4 11. Bc2 b5 12. e4 e6 13. Nxc6 Qxc6 14.
e5 Nd7 15. g4 f5 16. exf6 Nxf6 17. h3 b4 18. Nf3 Nd7 19. Ng5 Nf6 20. f5 exf5 21. gxf5 Bxf5 22. Bxf5 gxf5 23. Rxf5 Rbe8 24. Qg2 bxc3 25. bxc3 Qd7 26. Rf1 h6 27. Nf3 Kh7 28.
Ne5 Rxe5 29. dxe5 Ne4 30. Rxf8 Bxf8 31. Be3 Nxc3 32. Rf1 Bg7 33. Bd4 Ne4 34. Kh1 Qe6 35. Rg1 Qe7 36. e6 Ng5 37. Bxg7 Qxg7 38. h4 Nxe6 39.
Qc2+ 1-0

[Event "*** Titled Tuesday Blitz"]
[Site "Chess.com"]
[Date "2020.12.29"]
[Round "4"]
[White "ZatonskihAnna"]
[Black "Shepherdboy"]
[Result "1/2-1/2"]
[WhiteElo "2491"]
[BlackElo "2330"]
[TimeControl "180+1"]
[EndTime "10:36:53 PST"]
[Termination "Game drawn by repetition"]

1. e4 d6 2. d4 Nf6 3. Nc3 e5 4. dxe5 dxe5 5. Qxd8+ Kxd8 6. Bc4 Ke8 7. f3 c6 8. a4 Nbd7 9. Nge2 Nc5 10. Be3 Be6 11.
Bxe6 Nxe6 12. Kf2 Bc5 13. Rhd1 Bxe3+ 14. Kxe3 Ke7 15. Rd2 Rhd8 16. Rad1 Rxd2 17. Rxd2 a5 18. b3 Nd7 19. Nc1 Rd8 20. Nd3 f6 21. Nb2 Nb6 22.
Rxd8 Kxd8 23. Ne2 Ke7 24. g3 g5 25. h4 h5 26. f4 exf4+ 27. gxf4 gxh4 28. Kf3 Nc5 29. Nc3 Ne6 30. Ne2 Kf7 31. Kg2 Nc5 32. Nc3 Ne6 33. Ne2 Nc5 34. Nc3 Ne6 35. Ne2 1/2-1/2

[Event "*** Titled Tuesday Blitz"]
[Site "Chess.com"]
[Date "2020.12.29"]
[Round "4"]
[White "guillembaches"]
[Black "elohunter1999"]
[Result "1/2-1/2"]
[WhiteElo "2466"]
[BlackElo "2680"]
[TimeControl "180+1"]
[EndTime "10:36:55 PST"]
[Termination "Game drawn by agreement"]

1. e4 c5 2. Nf3 d6 3. d4 cxd4 4.
Nxd4 Nf6 5. Nc3 g6 6. g3 Nc6 7. Nde2 Bg7 8. Bg2 Bd7 9. O-O Qc8 10. Re1 Rb8 11. a4 a6 12. Nd5 O-O 13. Nb6 Qd8 14.
Nxd7 Nxd7 15. Nf4 Nc5 16. Nd5 e6 17. Ne3 Qe7 18. a5 Rfd8 19. c3 b5 20. axb6 Rxb6 21. Nc4 Rbb8 22. Bf4 Ne5 23. Bxe5 dxe5 24. Qe2 1/2-1/2

[Event "*** Titled Tuesday Blitz"]
[Site "Chess.com"]
[Date "2020.12.29"]
[Round "4"]
[White "alexrustemov"]
[Black "MasterKroket"]
[Result "1-0"]
[WhiteElo "2674"]
[BlackElo "2476"]
[TimeControl "180+1"]
[EndTime "10:37:08 PST"]
[Termination "alexrustemov won by resignation"]

1. d4 Nf6 2. Nf3 e6 3. c4 d5 4. Nc3 Be7 5. Bg5 O-O 6. e3 Ne4 7.
Bxe7 Qxe7 8. Rc1 Nxc3 9. Rxc3 c6 10. Qc2 Nd7 11. Bd3 f5 12. cxd5 cxd5 13. O-O Nb6 14. Rc7 Bd7 15. Qc5 Qd8 16. Rxb7 Qc8 17. Rc7 Qd8 18. b3 Rc8 19. Rc1 Rxc7 20. Qxc7 Qxc7 21. Rxc7 Rc8 22. Rxc8+ Nxc8 23. Kf1 Kf8 24. Ke2 Ke7 25. Kd2 a5 26. Kc3 Nb6 27. Ne5 Be8 28. b4 a4 29.
b5 g5 30. Kb4 h5 31. Kc5 Nd7+ 32. Nxd7 Bxd7 33. b6 Kd8 34. Bb5 1-0

[Event "*** Titled Tuesday Blitz"]
[Site "Chess.com"]
[Date "2020.12.29"]
[Round "4"]
[White "MomchilPetkov"]
[Black "maxip32"]
[Result "1/2-1/2"]
[WhiteElo "2735"]
[BlackElo "2512"]
[TimeControl "180+1"]
[EndTime "10:37:11 PST"]
[Termination "Game drawn by repetition"]

1. d4 Nf6 2. Bf4 g6 3. e3 Bg7 4.
Nf3 O-O 5. h3 d6 6. Be2 b6 7.
O-O c5 8. c3 Bb7 9. Nbd2 Nbd7 10.
Bh2 a6 11. a4 Ra7 12. Re1 Qa8 13. Bd3 Ne4 14. Nxe4 Bxe4 15. Bxe4 Qxe4 16. Nd2 Qd3 17. Nf3 Qe4 18. Qb3 h6 19. Nd2 Qb7 20. Nc4 b5 21.
axb5 axb5 22. Rxa7 Qxa7 23. Na3 b4 24. Nb5 Qb6 25. Qa4 bxc3 26. bxc3 cxd4 27. cxd4 Nf6 28. Nc3 Rc8 29. Qb5 Qxb5 30. Nxb5 Rc2 31. Kf1 Ne4 32. Re2 Rc1+ 33. Re1 Rc2 34. Re2 Rc1+ 35. Re1 Rc2 1/2-1/2

[Event "*** Titled Tuesday Blitz"]
[Site "Chess.com"]
[Date "2020.12.29"]
[Round "4"]
[White "JustKid"]
[Black "LimeInTheCoconut"]
[Result "1-0"]
[WhiteElo "2608"]
[BlackElo "2361"]
[TimeControl "180+1"]
[EndTime "10:37:17 PST"]
[Termination "JustKid won by resignation"]

1. d4 Nf6 2. Bf4 d5 3. e3 c5 4.
dxc5 e6 5. b4 a5 6. c3 axb4 7.
cxb4 b6 8. Bxb8 Rxb8 9. Bb5+ Bd7 10. c6 Bxb4+ 11. Nd2 O-O 12. cxd7 Ne4 13. Nf3 Nxd2 14.
Nxd2 Qg5 15. O-O d4 16. a4 dxe3 17. Ne4 Qe5 18. Qd3 f5 19. Ng3 exf2+ 20. Kh1 Rbd8 21.
Rac1 Be1 22. Qe2 Qf6 23. Rc6 Kf7 24. Rxe6 Qxe6 25. Bc4 1-0

[Event "*** Titled Tuesday Blitz"]
[Site "Chess.com"]
[Date "2020.12.29"]
[Round "4"]
[White "Chuchofrio1"]
[Black "noblerone"]
[Result "0-1"]
[WhiteElo "2276"]
[BlackElo "2448"]
[TimeControl "180+1"]
[EndTime "10:37:17 PST"]
[Termination "noblerone won by resignation"]

1. d4 d5 2. c4 c6 3. cxd5 cxd5 4. Bf4 Nf6 5. Nc3 a6 6. e3 Nc6 7. Bd3 Bg4 8. Nge2 e6 9. O-O Be7 10. Rc1 Rc8 11. f3 Bh5 12. Na4 O-O 13. Nc5 Qb6 14.
g4 Bg6 15. Bxg6 hxg6 16. g5 Nh5 17. Nd7 Qxb2 18. Rb1 Qa3 19. Nxf8 Nxf4 20. exf4 Bxf8 21. Rxb7 Na5 22. Rb1 Nc4 23. Qb3 Qxb3 24. axb3 Nd2 25. Rbc1 Nxf1 26. Rxc8 Nd2 27. Kf2 Nxb3 28. Ke3 a5 29.
Nc3 f6 30. Nb5 Kf7 31. Rc7+ Kg8 32. Rc8 Kf7 33. Ra8 Bb4 34. Rb8 Bd2+ 35. Kd3 Bxf4 36.
gxf6 Bxb8 0-1

[Event "*** Titled Tuesday Blitz"]
[Site "Chess.com"]
[Date "2020.12.29"]
[Round "4"]
[White "r31415"]
[Black "orestn"]
[Result "1-0"]
[WhiteElo "2498"]
[BlackElo "2331"]
[TimeControl "180+1"]
[EndTime "10:37:18 PST"]
[Termination "r31415 won by resignation"]

1. e4 e5 2. Nf3 Nc6 3. Bc4 Bc5 4. c3 Nf6 5. d3 h6 6. O-O O-O 7. Nbd2 Re8 8. Re1 Bf8 9. Nf1 d6 10.
Bb3 Ne7 11. Nh4 Be6 12. Ng3 Qd7 13. h3 Bxb3 14. Qxb3 c6 15. d4 g6 16. Be3 Qc7 17. Rad1 Bg7 18. Qa3 a6 19. f4 b5 20. Nf3 Nd7 21. dxe5 dxe5 22. Qd6 Rac8 23. f5 Bf8 24. Qxd7 Qxd7 25. Rxd7 1-0

[Event "*** Titled Tuesday Blitz"]
[Site "Chess.com"]
[Date "2020.12.29"]
[Round "4"]
[White "KubaGepard"]
[Black "Rytenko_V"]
[Result "0-1"]
[WhiteElo "2279"]
[BlackElo "2438"]
[TimeControl "180+1"]
[EndTime "10:37:18 PST"]
[Termination "Rytenko_V won by resignation"]

1. e4 e6 2. c4 d5 3. exd5 exd5 4. Nc3 Nf6 5. Nf3 c6 6. cxd5 Nxd5 7. Bc4 Qe7+ 8. Qe2 Qxe2+ 9. Kxe2 Be6 10. Nxd5 cxd5 11.
Bb5+ Bd7 12. Bxd7+ Nxd7 13. d4 Bd6 14. Be3 f6 15.
Rac1 Kf7 16. a3 Rac8 17. Kd3 g5 18. h4 g4 19. Nd2 h5 20. Nb1 f5 21. g3 Nf6 22. Nc3 Ke6 23. Rhe1 Ne4 24. Nxe4 dxe4+ 25. Kd2 Kd5 26. Rc3 Rc6 27. Rec1 Rf8 28. b4 a6 29.
R1c2 Rfc8 30. Rxc6 Rxc6 31. Rxc6 bxc6 32. Kc3 Be7 33. a4 Bf6 34. a5 Bg7 0-1

[Event "*** Titled Tuesday Blitz"]
[Site "Chess.com"]
[Date "2020.12.29"]
[Round "4"]
[White "12teen"]
[Black "amintabatabaei"]
[Result "1-0"]
[WhiteElo "2765"]
[BlackElo "2903"]
[TimeControl "180+1"]
[EndTime "10:37:20 PST"]
[Termination "12teen won on time"]

1. b3 Nf6 2. Bb2 d5 3. e3 e6 4.
Nf3 Be7 5. d4 O-O 6. Bd3 b6 7.
Nbd2 Ba6 8. c4 c5 9. Rc1 Nc6 10. O-O dxc4 11. bxc4 Rc8 12. a3 cxd4 13. exd4 Na5 14.
Qe2 Qc7 15. Ne5 Rcd8 16. f4 Bb7 17. f5 exf5 18. Rxf5 Nc6 19. d5 Nxe5 20. Bxe5 Qc5+ 21. Kh1 Rfe8 22. Bxf6 Bxf6 23. Ne4 Qxa3 24. Rcf1 Bd4 25. Rxf7 Re7 26. Qf3 Red7 27. Ng5 g6 28. Nxh7 Qd6 29.
Ng5 Re8 30. Rxd7 Qxd7 31. Bxg6 Ra8 32. Bf7+ Kh8 33. Qh5+ 1-0